 Dungeon Crawl Stone Soup version 0.29.0-4-gdea44cf6ec (webtiles) character file.

Game seed: 5845203065371341418

17907 qw the Severer (level 12, -1/106 HPs)
             Began as a Minotaur Fighter on Sept 6, 2022.
             Was a Follower of Ru.
             Slain by a seven-headed hydra (3 damage)
             ... on level 2 of the Lair of Beasts.
             The game lasted 00:05:02 (13228 turns).

qw the Severer (Minotaur Fighter)                  Turns: 13228, Time: 00:05:02

Health: -1/106     AC: 19    Str: 26    XL:     12   Next: 23%
Magic:  0/11       EV:  9    Int:  4    God:    Ru [*.....]
Gold:   601        SH: 13    Dex: 19    Spells: 11/11 levels left

rFire   . . .      SeeInvis .   f - +0 morningstar
rCold   . . .      Faith    .   b - +0 kite shield
rNeg    . . .      Spirit   +   h - +0 plate armour
rPois   +          Reflect  .   (helmet unavailable)
rElec   .          Harm     .   i - +2 cloak {Will+}
rCorr   .          Rampage  .   l - +1 pair of gloves
Will    +....                   (no boots)
Stlth   ..........              u - amulet of guardian spirit
HPRegen 0.27/turn               j - +6 ring of dexterity
MPRegen 0.12/turn               t - ring of poison resistance

@: about to teleport
A: horns 3, no hexes magic, no ice magic, no summoning magic, retaliatory
headbutt, agile 1
a: Renounce Religion


You were on level 2 of the Lair of Beasts.
You worshipped Ru.
Ru was aware of your devotion.
You visited 3 branches of the dungeon, and saw 14 of its levels.

You collected 783 gold pieces.
You spent 182 gold pieces at shops.


Innate Abilities, Weirdness & Mutations

You have a pair of large horns on your head.
You cannot study or cast Hexes magic.
You cannot study or cast Ice magic.
You cannot study or cast Summoning magic.
You reflexively headbutt those who attack you in melee.
You are agile. (Dex +4, Str/Int -1)


   Skills:
 - Level 10.2 Fighting
 - Level 17.0 Axes
 - Level 3.1 Throwing
 + Level 8.1 Armour
 - Level 5.1 Dodging
 - Level 10.7 Shields


You had 11 spell levels left.
You didn't know any spells.
Your spell library was empty.

Inventory:

Hand Weapons
 f - a +0 morningstar (weapon)
 Y - a +4 war axe of protection
Missiles
 r - 6 boomerangs (quivered)
Armour
 b - a +0 kite shield (worn)
 h - a +0 plate armour (worn)
 i - a +2 cloak of willpower (worn)
 l - a +1 pair of gloves (worn)
Jewellery
 g - a ring of fire
 j - a +6 ring of dexterity (left hand)
 m - a ring of willpower
 n - a ring of flight
 t - a ring of poison resistance (right hand)
 u - an amulet of guardian spirit (around neck)
Scrolls
 c - 6 scrolls of teleportation
 s - 2 scrolls of identify
Potions
 a - a potion of resistance
 d - 6 potions of might
 e - 5 potions of curing
 k - 3 potions of mutation
 q - 2 potions of haste
 v - 2 potions of cancellation

Dungeon Overview and Level Annotations

Branches:
Dungeon (11/15)            Temple (1/1) D:6            Lair (2/5) D:9
    Orc (0/2) D:11
  Swamp: Lair:2-3    Shoals: Lair:2-3     Snake: Lair:2-3    Spider: Lair:2-3

Altars:
Ashenzari
Dithmenos
Elyvilon
Fedhas
Gozag
Hepliaklqana
Kikubaaqudgha
Makhleb
Nemelex Xobeh
Okawaru
Qazlal
Ru
Sif Muna
Trog
Uskayaw
Vehumet
Wu Jian
Xom
Yredelemnul
Zin

Shops:
D:5 !

Annotations:
D:6 1 runed translucent door, Crazy Yiuf
D:9 4 runed translucent doors
Lair:1 2 transporters, qw's ghost, journeyman GrBe


Message History

You barely miss the seven-headed hydra. You headbutt the seven-headed hydra!
The seven-headed hydra is moderately wounded.
You block the seven-headed hydra's attack.
The seven-headed hydra bites you but does no damage. x2
The seven-headed hydra bites you! x2
The seven-headed hydra bites you but does no damage. x2
You barely miss the seven-headed hydra. You headbutt the seven-headed hydra.
The seven-headed hydra is moderately wounded.
The seven-headed hydra is stunned by your conviction and fails to attack.
You hit the seven-headed hydra.
The seven-headed hydra is moderately wounded.
The seven-headed hydra closely misses you.
The seven-headed hydra bites you but does no damage.
You block the seven-headed hydra's attack.
The seven-headed hydra barely misses you.
You block the seven-headed hydra's attack.
The seven-headed hydra bites you.
The seven-headed hydra barely misses you.
You hit the seven-headed hydra.
The seven-headed hydra is heavily wounded.
The seven-headed hydra closely misses you.
The seven-headed hydra bites you but does no damage.
The seven-headed hydra bites you. x2
The seven-headed hydra bites you but does no damage.
The seven-headed hydra barely misses you.
You block the seven-headed hydra's attack.
You puncture the seven-headed hydra!
The seven-headed hydra is heavily wounded.
The seven-headed hydra bites you!
You block the seven-headed hydra's attack.
The seven-headed hydra bites you!
The seven-headed hydra bites you but does no damage.
The seven-headed hydra bites you.
The seven-headed hydra bites you but does no damage.
The seven-headed hydra misses you.
13228 ||| READING 7 scrolls of teleportation.
As you read the scroll of teleportation, it crumbles to dust.
You feel strangely unstable. The seven-headed hydra bites you!
The seven-headed hydra bites you.
You die...

# ### ## #.#####.###
##P## .......... ..>..
..(...... .... #.....#
### ..## ##..D####P##
###### #
#..%@..#...###P.#.###
##....................
........................
.#..#.###P.######..###..


77¤77 ##.# #### ##P w #..# ## ¤ ##.# # #.# # #.# . You could see a seven-headed
hydra.

Vanquished Creatures
  A hydra (Lair:2)
  Harold (D:9)
  Erica (Lair:1)
  A two-headed ogre (D:10)
  Pikel (D:6)
  Maurice (D:10)
  Joseph (Lair:1)
  3 cane toads
  An unseen horror (D:11)
  A gargoyle (D:10)
  3 komodo dragons
  Grinder (D:5)
  2 hornets
  4 polar bears (Lair:2)
  3 blink frogs
  A tyrant leech (Lair:2)
  2 wraiths (D:11)
  A vampire (D:11)
  29 yaks
  2 wyverns
  A steam dragon (D:7)
  A warg (D:11)
  An acid dragon (D:9)
  5 water moccasins
  2 ice beasts (D:7)
  3 sky beasts
  5 orc warriors
  2 ogres
  2 black bears
  2 centaurs
  3 kobold brigands
  Blork the orc (D:6)
  A gnoll sergeant (D:7)
  7 bullfrogs
  A necrophage (D:7)
  7 wights
  10 killer bees
  9 howler monkeys
  A lava snake (D:10)
  5 orc priests
  3 jellies
  5 hounds
  A gnoll bouda (D:8)
  5 iguanas
  8 orc wizards
  9 gnolls
  7 adders
  A white imp (D:7)
  A worm (D:3)
  A dart slug (D:1)
  34 orcs
  7 endoplasms
  4 giant cockroaches
  3 goblins
  8 hobgoblins
  3 jackals (D:1)
  2 quokkas
  4 ball pythons
  6 bats
  19 kobolds
  5 rats
265 creatures vanquished.

Vanquished Creatures (others)
  A human (D:8)
  5 fungi
  8 plants
14 creatures vanquished.

Grand Total: 279 creatures vanquished

Notes
Turn   | Place    | Note
-------+----------+-------------------------------------------
     0 | D:1      | qw the Minotaur Fighter began the quest for the Orb.
     0 | D:1      | Reached XP level 1. HP: 19/19 MP: 0/0
     0 | D:1      | 0 ||| qw: Version: 0.1-a-108-g9e35731
     0 | D:1      | 0 ||| qw: Game counter: 6263
     0 | D:1      | 0 ||| qw: Always use a shield: true
     0 | D:1      | 0 ||| qw: God list: Ru
     0 | D:1      | 0 ||| qw: Allow faded altars: false
     0 | D:1      | 0 ||| qw: Do Orc after D:15 true
     0 | D:1      | 0 ||| qw: Do second Lair branch before Depths: true
     0 | D:1      | 0 ||| qw: Lair rune preference: random
     0 | D:1      | 0 ||| qw: Plans: Normal
     0 | D:1      | 0 ||| PLANNING D:1-11
    85 | D:1      | 85 ||| DROPPING +0 mace.
    87 | D:1      | 87 ||| Stepping ~*~*~tactically~*~*~ (stealth).
    88 | D:1      | 88 ||| Stepping ~*~*~tactically~*~*~ (stealth).
    90 | D:1      | 90 ||| Stepping ~*~*~tactically~*~*~ (stealth).
   100 | D:1      | Reached skill level 3 in Axes
   151 | D:1      | Found a faded altar of an unknown god.
   182 | D:1      | Reached XP level 2. HP: 19/26 MP: 1/1
   369 | D:1      | 369 ||| Stepping ~*~*~tactically~*~*~ (stealth).
   372 | D:1      | 372 ||| Stepping ~*~*~tactically~*~*~ (hiding).
   490 | D:1      | 490 ||| Stepping ~*~*~tactically~*~*~ (stealth).
   496 | D:1      | Reached skill level 4 in Axes
   559 | D:1      | 559 ||| Stepping ~*~*~tactically~*~*~ (stealth).
   635 | D:1      | Reached XP level 3. HP: 29/31 MP: 2/2
  1144 | D:1      | 1144 ||| READING scroll labelled BUECHI DUNTUYL.
  1145 | D:1      | 1145 ||| READING scroll labelled RECKIU SEATZ.
  1473 | D:2      | 1473 ||| Stepping ~*~*~tactically~*~*~ (stealth).
  1582 | D:2      | Reached skill level 5 in Axes
  1926 | D:2      | Reached skill level 1 in Dodging
  1926 | D:2      | Reached XP level 4. HP: 39/39 MP: 3/3
  2118 | D:2      | 2118 ||| DROPPING scarf of shadows.
  2119 | D:2      | 2119 ||| UPGRADING to +6 ring of dexterity.
  2120 | D:2      | 2120 ||| READING scroll labelled ELUACSEUTU.
  2121 | D:2      | 2121 ||| READING scroll labelled HIAS XANAIT.
  2122 | D:2      | 2122 ||| READING scroll labelled BOIGGE XAOFO.
  2123 | D:2      | 2123 ||| READING scroll labelled YDITAGG PIES.
  2124 | D:2      | 2124 ||| Stepping randomly (stuck).
  2125 | D:2      | 2125 ||| Stepping ~*~*~tactically~*~*~ (cloud).
  2327 | D:3      | 2327 ||| Stepping ~*~*~tactically~*~*~ (stealth).
  3067 | D:3      | Reached skill level 6 in Axes
  3158 | D:3      | 3158 ||| UPGRADING to scarf of repulsion.
  3163 | D:3      | 3163 ||| UPGRADING to +0 pair of gloves.
  3168 | D:3      | 3168 ||| DROPPING amulet of magic regeneration.
  3169 | D:3      | 3169 ||| UPGRADING to ring of poison resistance.
  3170 | D:3      | 3170 ||| READING scroll labelled FIBUINWEBB.
  3171 | D:3      | 3171 ||| READING scroll labelled PAKUOSSOQEQ.
  3172 | D:3      | 3172 ||| READING scroll labelled OTOAD URHOU.
  3210 | D:4      | Reached XP level 5. HP: 39/45 MP: 4/4
  3301 | D:4      | 3301 ||| Stepping ~*~*~tactically~*~*~ (stealth).
  3303 | D:4      | 3303 ||| Stepping ~*~*~tactically~*~*~ (stealth).
  3319 | D:4      | 3319 ||| Stepping ~*~*~tactically~*~*~ (stealth).
  3322 | D:4      | Reached skill level 7 in Axes
  3348 | D:4      | 3348 ||| Stepping ~*~*~tactically~*~*~ (stealth).
  3417 | D:4      | 3417 ||| Stepping ~*~*~tactically~*~*~ (stealth).
  3420 | D:4      | 3420 ||| Stepping ~*~*~tactically~*~*~ (stealth).
  3443 | D:4      | Reached XP level 6. HP: 52/52 MP: 5/5
  3443 | D:4      | 3443 ||| Stepping ~*~*~tactically~*~*~ (stealth).
  3676 | D:4      | 3676 ||| Stepping ~*~*~tactically~*~*~ (stealth).
  3715 | D:4      | You fall into a shaft and drop 2 floors!
  3734 | D:6      | Found a white marble altar of Elyvilon.
  3760 | D:6      | Reached skill level 8 in Axes
  3858 | D:6      | Found a staircase to the Ecumenical Temple.
  3859 | D:6      | 3859 ||| PLANNING TEMPLE
  3859 | D:6      | 3859 ||| UPGRADING to amulet of guardian spirit.
  3864 | D:6      | 3864 ||| READING scroll labelled EMABATESCHE.
  3865 | D:6      | 3865 ||| DRINKING 2 fuming clear potions.
  3866 | D:6      | 3866 ||| DRINKING 3 black potions.
  3867 | D:6      | 3867 ||| READING 2 scrolls of identify.
  3867 | D:6      | 3867 ||| IDENTIFYING amethyst potion
  3868 | D:6      | 3868 ||| DROPPING potion of flight.
  3869 | D:6      | 3869 ||| DROPPING 2 potions of brilliance.
  3878 | Temple   | Entered the Ecumenical Temple
  4018 | Temple   | 4018 ||| PLANNING D:1-11
  4033 | D:6      | 4033 ||| Stepping randomly (stuck).
  4035 | D:6      | 4035 ||| Stepping randomly (stuck).
  4036 | D:6      | 4036 ||| Stepping randomly (stuck).
  4037 | D:6      | 4037 ||| Stepping randomly (stuck).
  4124 | D:6      | 4124 ||| DRINKING 2 fuming brown potions.
  4124 | D:6      | Gained mutation: You are agile. (Dex +4, Str/Int -1)
                  | [potion of mutation]
  4124 | D:6      | Gained mutation: You have a pair of large horns on your
                  | head. [potion of mutation]
  4125 | D:6      | 4125 ||| DRINKING 2 orange potions.
  4126 | D:6      | 4126 ||| DROPPING potion of degeneration.
  4132 | D:5      | Entered Level 5 of the Dungeon
  4259 | D:4      | Found a hazy altar of Hepliaklqana.
  4263 | D:4      | Found a shadowy altar of Dithmenos.
  4263 | D:4      | Noticed a shadow
  4405 | D:5      | 4405 ||| Stepping ~*~*~tactically~*~*~ (stealth).
  4409 | D:5      | 4409 ||| Stepping ~*~*~tactically~*~*~ (hiding).
  4419 | D:5      | Reached XP level 7. HP: 59/59 MP: 6/6
  4428 | D:5      | 4428 ||| DROPPING +0 whip of freezing.
  4432 | D:5      | 4432 ||| DROPPING +0 flail.
  4435 | D:5      | 4435 ||| Stepping ~*~*~tactically~*~*~ (stealth).
  4442 | D:5      | 4442 ||| Stepping ~*~*~tactically~*~*~ (stealth).
  4444 | D:5      | Reached skill level 9 in Axes
  4461 | D:5      | 4461 ||| Stepping ~*~*~tactically~*~*~ (stealth).
  4462 | D:5      | 4462 ||| Stepping ~*~*~tactically~*~*~ (stealth).
  4470 | D:5      | 4470 ||| Stepping ~*~*~tactically~*~*~ (stealth).
  4471 | D:5      | 4471 ||| Stepping ~*~*~tactically~*~*~ (stealth).
  4681 | D:5      | Reached skill level 3 in Dodging
  4799 | D:5      | Found Vuamummu's Distillery.
  4804 | D:5      | 4804 ||| BUYING potion of cancellation (104 gold).
  4804 | D:5      | Bought a potion of cancellation for 104 gold pieces
  4804 | D:5      | 4804 ||| BUYING potion of curing (39 gold).
  4804 | D:5      | Bought a potion of curing for 39 gold pieces
  4804 | D:5      | 4804 ||| BUYING potion of curing (39 gold).
  4804 | D:5      | Bought a potion of curing for 39 gold pieces
  4804 | D:5      | 4804 ||| SHOPLISTING potion of curing (39 gold, have 9).
  4804 | D:5      | 4804 ||| SHOPLISTING potion of heal wounds (65 gold, have
                  | 9).
  4965 | D:5      | Noticed Grinder
  4975 | D:5      | Killed Grinder
  5124 | D:5      | Found an ornate altar of the Wu Jian Council.
  5206 | D:5      | Reached skill level 10 in Axes
  5258 | D:5      | 5258 ||| READING scroll labelled QIKUHOGEMA.
  5259 | D:5      | 5259 ||| READING scroll labelled HITZAG QEDUA.
  5260 | D:5      | 5260 ||| READING 2 scrolls labelled CUFUSM YJENI.
  5265 | D:5      | 5265 ||| DRINKING 2 viscous coppery potions.
  5266 | D:5      | 5266 ||| DRINKING 2 silvery potions.
  5267 | D:5      | 5267 ||| READING 3 scrolls of identify.
  5267 | D:5      | 5267 ||| IDENTIFYING golden potion
  5268 | D:5      | 5268 ||| READING 2 scrolls of identify.
  5268 | D:5      | 5268 ||| IDENTIFYING blue potion
  5269 | D:5      | 5269 ||| DROPPING potion of lignification.
  5270 | D:5      | 5270 ||| DROPPING potion of magic.
  5271 | D:5      | 5271 ||| DROPPING potion of berserk rage.
  5386 | D:6      | Reached skill level 1 in Throwing
  5386 | D:6      | Reached XP level 8. HP: 68/68 MP: 7/7
  5443 | D:6      | Noticed Blork the orc
  5444 | D:6      | 5444 ||| Stepping ~*~*~tactically~*~*~ (hiding).
  5445 | D:6      | 5445 ||| Stepping ~*~*~tactically~*~*~ (hiding).
  5451 | D:6      | Killed Blork the orc
  5492 | D:6      | 5492 ||| Stepping ~*~*~tactically~*~*~ (stealth).
  5498 | D:6      | Reached skill level 6 in Fighting
  5513 | D:6      | Found a runed translucent door.
  5514 | D:6      | Noticed Crazy Yiuf
  5554 | D:6      | Noticed Pikel
  5565 | D:6      | Killed Pikel
  5566 | D:6      | Reached skill level 11 in Axes
  5574 | D:6      | HP: 17/70 [water moccasin (5)]
  5575 | D:6      | 5575 ||| READING scroll of teleportation.
  5576 | D:6      | 5576 ||| DRINKING potion of heal wounds.
  5580 | D:6      | HP: 17/70 [water moccasin (2)]
  5716 | D:6      | 5716 ||| FLEEEEING.
  6039 | D:6      | Found an opulent altar of Gozag.
  6191 | D:6      | 6191 ||| UPGRADING to +0 plate armour.
  6201 | D:6      | 6201 ||| DROPPING +0 scale mail.
  6231 | D:7      | Reached XP level 9. HP: 75/75 MP: 8/8
  6235 | D:7      | 6235 ||| FLEEEEING.
  6236 | D:7      | 6236 ||| STAIRDANCE
  6349 | D:7      | 6349 ||| STAIRDANCE
  6403 | D:7      | 6403 ||| STAIRDANCE
  6452 | D:7      | Reached skill level 12 in Axes
  6453 | D:7      | 6453 ||| STAIRDANCE
  6679 | D:7      | 6679 ||| FLEEEEING.
  6682 | D:7      | 6682 ||| STAIRDANCE
  6821 | D:7      | 6821 ||| Stepping ~*~*~tactically~*~*~ (stealth).
  6843 | D:7      | Reached skill level 6 in Armour
  6845 | D:7      | 6845 ||| FLEEEEING.
  6846 | D:7      | 6846 ||| FLEEEEING.
  6847 | D:7      | 6847 ||| FLEEEEING.
  6848 | D:7      | 6848 ||| FLEEEEING.
  6849 | D:7      | 6849 ||| STAIRDANCE
  6920 | D:6      | 6920 ||| UPGRADING to +0 kite shield.
  6930 | D:6      | 6930 ||| DROPPING +0 buckler.
  7031 | D:7      | Reached skill level 6 in Shields
  7141 | D:7      | 7141 ||| Stepping ~*~*~tactically~*~*~ (stealth).
  7143 | D:7      | 7143 ||| Stepping ~*~*~tactically~*~*~ (hiding).
  7151 | D:7      | 7151 ||| DRINKING 3 potions of curing.
  7151 | D:7      | 7151 ||| (to cure confusion)
  7271 | D:7      | Found an iron altar of Okawaru.
  7847 | D:8      | Found a hide-covered altar of Uskayaw.
  8010 | D:8      | Found an ancient bone altar of Kikubaaqudgha.
  8054 | D:8      | 8054 ||| READING 3 scrolls of enchant weapon.
  8054 | D:8      | 8054 ||| ENCHANTING +1 war axe of protection.
  8055 | D:8      | 8055 ||| READING 2 scrolls of enchant weapon.
  8055 | D:8      | 8055 ||| ENCHANTING +2 war axe of protection.
  8056 | D:8      | 8056 ||| READING scroll of enchant weapon.
  8056 | D:8      | 8056 ||| ENCHANTING +3 war axe of protection.
  8363 | D:8      | 8363 ||| DROPPING scarf of harm.
  8364 | D:8      | 8364 ||| READING scroll labelled TEATADEIGI.
  8424 | D:9      | 8424 ||| DROPPING +0 flail of protection.
  8458 | D:9      | Noticed Harold
  8467 | D:9      | Reached skill level 9 in Shields
  8467 | D:9      | Reached XP level 10. HP: 79/86 MP: 9/9
  8479 | D:9      | Killed Harold
  8480 | D:9      | Reached skill level 13 in Axes
  8485 | D:9      | Reached skill level 3 in Throwing
  8762 | D:9      | 8762 ||| Stepping ~*~*~tactically~*~*~ (stealth).
  8962 | D:9      | Found a stormy altar of Qazlal.
  9057 | D:9      | Found a staircase to the Lair.
  9104 | D:9      | 9104 ||| Stepping ~*~*~tactically~*~*~ (stealth).
  9127 | D:9      | Found a runed translucent door.
  9132 | D:9      | Found a runed translucent door.
  9214 | D:9      | Found a large runed translucent door.
  9214 | D:9      | Found a large runed translucent door.
  9227 | D:9      | Identified the +9 falchion "Acesoefac" {vamp, rElec rPois
                  | Stlth+}
  9367 | D:9      | 9367 ||| DRINKING 2 pink potions.
  9368 | D:9      | 9368 ||| READING 2 scrolls of identify.
  9368 | D:9      | 9368 ||| IDENTIFYING emerald potion
  9369 | D:9      | 9369 ||| DROPPING potion of attraction.
  9384 | D:10     | Entered Level 10 of the Dungeon
  9478 | D:10     | 9478 ||| Stepping ~*~*~tactically~*~*~ (hiding).
  9485 | D:10     | Reached skill level 14 in Axes
  9598 | D:10     | Found a radiant altar of Vehumet.
  9604 | D:10     | Found a flagged portal.
  9638 | D:10     | 9638 ||| READING scroll of enchant armour.
  9638 | D:10     | 9638 ||| ENCHANTING +0 pair of gloves.
  9647 | D:10     | Found a sacrificial altar of Ru.
  9649 | D:10     | 9649 ||| Stepping ~*~*~tactically~*~*~ (stealth).
  9651 | D:10     | 9651 ||| Stepping ~*~*~tactically~*~*~ (stealth).
  9663 | D:10     | Became a worshipper of Ru the Awakened
  9711 | D:10     | Noticed Maurice
  9712 | D:10     | 9712 ||| Stepping ~*~*~tactically~*~*~ (hiding).
  9724 | D:10     | Killed Maurice
  9760 | D:10     | 9760 ||| Stepping ~*~*~tactically~*~*~ (stealth).
  9775 | D:10     | Noticed a gargoyle
  9784 | D:10     | Killed a gargoyle
  9949 | D:10     | Noticed a two-headed ogre
  9950 | D:10     | 9950 ||| FLEEEEING.
  9951 | D:10     | 9951 ||| FLEEEEING.
  9952 | D:10     | 9952 ||| FLEEEEING.
  9953 | D:10     | 9953 ||| FLEEEEING.
  9954 | D:10     | 9954 ||| FLEEEEING.
  9955 | D:10     | 9955 ||| FLEEEEING.
  9956 | D:10     | 9956 ||| FLEEEEING.
  9957 | D:10     | 9957 ||| FLEEEEING.
  9958 | D:10     | 9958 ||| FLEEEEING.
  9959 | D:10     | 9959 ||| FLEEEEING.
  9960 | D:10     | 9960 ||| FLEEEEING.
  9961 | D:10     | 9961 ||| FLEEEEING.
  9962 | D:10     | 9962 ||| FLEEEEING.
  9963 | D:10     | 9963 ||| FLEEEEING.
  9964 | D:10     | 9964 ||| FLEEEEING.
  9965 | D:10     | 9965 ||| FLEEEEING.
  9966 | D:10     | 9966 ||| FLEEEEING.
  9967 | D:10     | 9967 ||| FLEEEEING.
  9968 | D:10     | 9968 ||| FLEEEEING.
  9969 | D:10     | 9969 ||| FLEEEEING.
  9970 | D:10     | 9970 ||| FLEEEEING.
  9971 | D:10     | 9971 ||| FLEEEEING.
  9972 | D:10     | 9972 ||| FLEEEEING.
  9973 | D:10     | 9973 ||| FLEEEEING.
  9974 | D:10     | 9974 ||| FLEEEEING.
  9975 | D:10     | 9975 ||| FLEEEEING.
  9976 | D:10     | 9976 ||| FLEEEEING.
  9977 | D:10     | 9977 ||| FLEEEEING.
  9978 | D:10     | 9978 ||| FLEEEEING.
  9980 | D:10     | 9980 ||| FLEEEEING.
  9981 | D:10     | 9981 ||| FLEEEEING.
  9982 | D:10     | 9982 ||| FLEEEEING.
  9983 | D:10     | 9983 ||| FLEEEEING.
  9984 | D:10     | 9984 ||| FLEEEEING.
  9985 | D:10     | 9985 ||| FLEEEEING.
  9986 | D:10     | 9986 ||| FLEEEEING.
  9987 | D:10     | 9987 ||| FLEEEEING.
  9988 | D:10     | 9988 ||| FLEEEEING.
  9989 | D:10     | 9989 ||| FLEEEEING.
  9990 | D:10     | 9990 ||| FLEEEEING.
  9991 | D:10     | 9991 ||| FLEEEEING.
  9992 | D:10     | 9992 ||| FLEEEEING.
  9993 | D:10     | 9993 ||| FLEEEEING.
  9995 | D:10     | 9995 ||| FLEEEEING.
  9996 | D:10     | 9996 ||| FLEEEEING.
  9997 | D:10     | 9997 ||| FLEEEEING.
  9998 | D:10     | 9998 ||| FLEEEEING.
  9999 | D:10     | 9999 ||| FLEEEEING.
 10000 | D:10     | 10000 ||| FLEEEEING.
 10001 | D:10     | 10001 ||| FLEEEEING.
 10002 | D:10     | 10002 ||| FLEEEEING.
 10003 | D:10     | 10003 ||| FLEEEEING.
 10007 | D:10     | Killed a two-headed ogre
 10008 | D:10     | Reached XP level 11. HP: 74/94 MP: 7/10
 10278 | D:10     | 10278 ||| Stepping ~*~*~tactically~*~*~ (stealth).
 10350 | D:10     | 10350 ||| UPGRADING to +2 cloak of willpower.
 10360 | D:10     | 10360 ||| DROPPING scarf of repulsion.
 10384 | D:11     | 10384 ||| Stepping ~*~*~tactically~*~*~ (stealth).
 10386 | D:11     | 10386 ||| Stepping ~*~*~tactically~*~*~ (stealth).
 10388 | D:11     | 10388 ||| Stepping ~*~*~tactically~*~*~ (stealth).
 10390 | D:11     | 10390 ||| Stepping ~*~*~tactically~*~*~ (stealth).
 10405 | D:11     | Reached skill level 15 in Axes
 10584 | D:11     | Reached skill level 9 in Fighting
 10585 | D:11     | 10585 ||| FLEEEEING.
 10586 | D:11     | 10586 ||| FLEEEEING.
 10587 | D:11     | 10587 ||| FLEEEEING.
 10588 | D:11     | 10588 ||| FLEEEEING.
 10589 | D:11     | 10589 ||| FLEEEEING.
 10590 | D:11     | 10590 ||| FLEEEEING.
 10591 | D:11     | 10591 ||| FLEEEEING.
 10592 | D:11     | 10592 ||| FLEEEEING.
 10593 | D:11     | 10593 ||| FLEEEEING.
 10594 | D:11     | 10594 ||| FLEEEEING.
 10595 | D:11     | 10595 ||| FLEEEEING.
 10596 | D:11     | 10596 ||| FLEEEEING.
 10597 | D:11     | 10597 ||| FLEEEEING.
 10598 | D:11     | 10598 ||| FLEEEEING.
 10599 | D:11     | 10599 ||| FLEEEEING.
 10600 | D:11     | 10600 ||| FLEEEEING.
 10601 | D:11     | 10601 ||| FLEEEEING.
 10602 | D:11     | 10602 ||| FLEEEEING.
 10620 | D:11     | 10620 ||| Stepping ~*~*~tactically~*~*~ (stealth).
 10659 | D:11     | 10659 ||| FLEEEEING.
 10660 | D:11     | 10660 ||| FLEEEEING.
 10661 | D:11     | 10661 ||| FLEEEEING.
 10662 | D:11     | 10662 ||| FLEEEEING.
 10663 | D:11     | 10663 ||| FLEEEEING.
 10664 | D:11     | 10664 ||| FLEEEEING.
 10665 | D:11     | 10665 ||| FLEEEEING.
 10666 | D:11     | 10666 ||| FLEEEEING.
 10667 | D:11     | 10667 ||| FLEEEEING.
 10669 | D:11     | 10669 ||| FLEEEEING.
 10670 | D:11     | 10670 ||| FLEEEEING.
 10671 | D:11     | 10671 ||| STAIRDANCE
 10737 | D:11     | 10737 ||| STAIRDANCE
 10748 | D:11     | 10748 ||| STAIRDANCE
 10906 | D:11     | 10906 ||| Stepping ~*~*~tactically~*~*~ (stealth).
 10907 | D:11     | 10907 ||| Stepping ~*~*~tactically~*~*~ (stealth).
 10908 | D:11     | 10908 ||| Stepping ~*~*~tactically~*~*~ (stealth).
 10911 | D:11     | 10911 ||| Stepping ~*~*~tactically~*~*~ (stealth).
 10912 | D:11     | 10912 ||| Stepping ~*~*~tactically~*~*~ (stealth).
 11051 | D:11     | 11051 ||| Stepping ~*~*~tactically~*~*~ (hiding).
 11053 | D:11     | 11053 ||| Stepping ~*~*~tactically~*~*~ (hiding).
 11141 | D:11     | Found a staircase to the Orcish Mines.
 11360 | D:11     | 11360 ||| PLANNING LAIR
 11360 | D:11     | 11360 ||| READING 2 scrolls of identify.
 11360 | D:11     | 11360 ||| IDENTIFYING fizzy pink potion
 11423 | Lair:1   | Entered Level 1 of the Lair of Beasts
 11472 | Lair:1   | 11472 ||| INVOKING Sacrifice Arcana.
 11472 | Lair:1   | Gained mutation: You cannot study or cast Ice magic. [Ru
                  | sacrifice]
 11472 | Lair:1   | Gained mutation: You cannot study or cast Hexes magic. [Ru
                  | sacrifice]
 11472 | Lair:1   | Gained mutation: You cannot study or cast Summoning magic.
                  | [Ru sacrifice]
 11472 | Lair:1   | Reached * piety under Ru
 11584 | Lair:1   | Noticed Erica
 11585 | Lair:1   | 11585 ||| Stepping ~*~*~tactically~*~*~ (hiding).
 11587 | Lair:1   | 11587 ||| Stepping ~*~*~tactically~*~*~ (hiding).
 11588 | Lair:1   | 11588 ||| Stepping ~*~*~tactically~*~*~ (hiding).
 11593 | Lair:1   | Killed Erica
 11594 | Lair:1   | Reached skill level 16 in Axes
 11728 | Lair:1   | Noticed Joseph
 11738 | Lair:1   | Killed Joseph
 11884 | Lair:1   | 11884 ||| Stepping ~*~*~tactically~*~*~ (stealth).
 11894 | Lair:1   | 11894 ||| Stepping ~*~*~tactically~*~*~ (stealth).
 11895 | Lair:1   | 11895 ||| Stepping ~*~*~tactically~*~*~ (stealth).
 11898 | Lair:1   | 11898 ||| Stepping ~*~*~tactically~*~*~ (stealth).
 11900 | Lair:1   | 11900 ||| Stepping ~*~*~tactically~*~*~ (stealth).
 12007 | Lair:1   | Found a frozen archway.
 12193 | Lair:1   | Noticed a spriggan berserker
 12196 | Lair:1   | Noticed a spriggan rider
 12204 | Lair:1   | Noticed qw's ghost (journeyman GrBe)
 12214 | Lair:1   | Found a transporter.
 12218 | Lair:1   | Found a transporter.
 12255 | Lair:1   | Found a bloodstained altar of Trog.
 12490 | Lair:2   | 12490 ||| STAIRDANCE
 12494 | Lair:2   | 12494 ||| STAIRDANCE
 12501 | Lair:2   | 12501 ||| STAIRDANCE
 12505 | Lair:2   | 12505 ||| STAIRDANCE
 12537 | Lair:2   | Reached XP level 12. HP: 104/104 MP: 11/11
 12588 | Lair:2   | 12588 ||| Stepping ~*~*~tactically~*~*~ (stealth).
 12589 | Lair:2   | 12589 ||| Stepping ~*~*~tactically~*~*~ (stealth).
 12590 | Lair:2   | 12590 ||| Stepping ~*~*~tactically~*~*~ (stealth).
 12591 | Lair:2   | 12591 ||| Stepping ~*~*~tactically~*~*~ (stealth).
 12604 | Lair:2   | Reached skill level 17 in Axes
 12686 | Lair:2   | Noticed an eight-headed hydra
 12687 | Lair:2   | 12687 ||| Stepping ~*~*~tactically~*~*~ (stealth).
 12689 | Lair:2   | 12689 ||| Stepping ~*~*~tactically~*~*~ (stealth).
 12690 | Lair:2   | 12690 ||| Stepping ~*~*~tactically~*~*~ (stealth).
 12695 | Lair:2   | 12695 ||| SWAPPING to +0 morningstar.
 12698 | Lair:2   | 12698 ||| Stepping ~*~*~tactically~*~*~ (outnumbered).
 12707 | Lair:2   | HP: 20/106 [eight-headed hydra (7)]
 12708 | Lair:2   | 12708 ||| READING 8 scrolls of teleportation.
 12709 | Lair:2   | HP: 6/106 [eight-headed hydra (6)]
 12709 | Lair:2   | HP: 1/106 [eight-headed hydra (5)]
 12710 | Lair:2   | Killed an eight-headed hydra
 12711 | Lair:2   | 12711 ||| SWAPPING to +4 war axe of protection.
 13055 | Lair:2   | 13055 ||| Stepping ~*~*~tactically~*~*~ (stealth).
 13210 | Lair:2   | 13210 ||| Stepping ~*~*~tactically~*~*~ (stealth).
 13216 | Lair:2   | Noticed a seven-headed hydra
 13217 | Lair:2   | 13217 ||| SWAPPING to +0 morningstar.
 13227 | Lair:2   | HP: 24/106 [seven-headed hydra (11)]
 13227 | Lair:2   | HP: 8/106 [seven-headed hydra (4)]
 13228 | Lair:2   | 13228 ||| READING 7 scrolls of teleportation.
 13228 | Lair:2   | HP: 2/106 [seven-headed hydra (6)]
 13228 | Lair:2   | Slain by a seven-headed hydra

Levels and vault maps discovered:
D:1:      minmay_arrival_diagonal_passages, layout_basic,
          ebering_ecumenical_altar_hall, hex_tiny
D:2:      layout_basic, nicolae_figureground_sparkle
D:3:      layout_basic, minmay_misc_feat_rugged
D:4:      layout_rooms, riverfiend_overflow_shadow_ancestor
D:5:      layout_loops_ring, lemuel_tele_altar, serial_shops,
          kennysheep_little_box, uniq_grinder
D:6:      layout_loops_ring, elyvilon_altar_1, grunt_gozag_statues,
          minmay_temple_entry_grid, uniq_pikel, uniq_blork_the_orc,
          uniq_crazy_yiuf_cottage
D:7:      layout_rooms, kennysheep_mini, skrybe_limestone_x, st_stairs_13
D:8:      layout_basic, tgw_kikubaaqudgha, mainiacjoe_overflow_paths,
          hellmonk_bongcloud_opening, roderic_lattice_a
D:9:      lemuel_insect_pit, layout_basic, nicolae_qazlal_scattered_showers,
          jmf_multi_god_temple2, grunt_lair_entry_orc_guard_hut, uniq_harold
D:10:     layout_roguey, lemuel_crystal_altar,
          nicolae_ru_great_annihilating_truth, enter_bailey_2,
          kennysheep_generic_room_2, uniq_maurice
D:11:     layout_irregular_city, david_orc_3
Temple:   hellmonk_temple_forest_ring
Lair:1:   layout_gridlike, gammafunk_ghost_wrathful_warriors,
          portal_ice_cave_entry_pillars_2, columned_hall_lemuel, st_stairs_11,
          serial_bayou_shore_b, uniq_erica, uniq_joseph
Lair:2:   layout_long_grid, minmay_swamp_entry_worms, dummy_spider_entry,
          cheibrodos_lair_lostbears, grunt_megastairs_5

Skill      XL: |  1  2  3  4  5  6  7  8  9 10 11 12 |
---------------+-------------------------------------+-----
Axes           | 3 4 5 6 7 8 10 11 12 14 16 17 | 17.0
Dodging        | 1 2 3 4 5 |  5.1
Fighting       | 4 5 6 7 8 9 10 | 10.2
Throwing       | 1 2 3 |  3.1
Shields        | 4 9 10 | 10.7
Armour         | 4 6 7 8 |  8.1

Action                   |  1- 3 |  4- 6 |  7- 9 | 10-12 || total
-------------------------+-------+-------+-------+-------++-------
Melee: War axe           |    75 |    86 |   203 |   332 ||   696
       Headbutt          |    10 |    14 |    34 |    80 ||   138
       Morningstar       |       |       |       |    23 ||    23
Throw: Boomerang         |       |    17 |    50 |    56 ||   123
       Javelin           |       |       |     1 |     8 ||     9
Invok: Sacrifice Arcana  |       |       |       |     1 ||     1
  Use: Scroll            |     2 |     9 |    10 |     5 ||    26
       Potion            |       |     4 |     4 |     1 ||     9
Armor: Scale mail        |    37 |    20 |    15 |       ||    72
       Plate armour      |       |       |    87 |   186 ||   273
Dodge: Dodged            |    28 |    28 |    54 |    99 ||   209
       Repelled          |       |       |     1 |       ||     1
Block: Buckler           |    15 |    15 |    35 |       ||    65
       Kite shield       |       |       |    37 |   198 ||   235

Table legend:
 A = Non-vault XP
 B = Vault XP
 C = Vault XP percentage of total XP
 D = Non-vault monster count
 E = Vault monster count
 F = Vault count percentage of total count
                 A         B        C        D         E       F
            +---------+---------+-------+---------+---------+-------
      Total |   18789 |    6793 |  26.6 |     234 |      31 |  11.7
            +---------+---------+-------+---------+---------+-------
        D:1 |      46 |       0 |   0.0 |      27 |       0 |   0.0
        D:2 |      51 |       0 |   0.0 |       9 |       0 |   0.0
        D:3 |      80 |       0 |   0.0 |      11 |       0 |   0.0
        D:4 |     326 |       0 |   0.0 |      16 |       0 |   0.0
        D:5 |     482 |     281 |  36.8 |      22 |       1 |   4.3
        D:6 |    1090 |     665 |  37.9 |      18 |       2 |  10.0
        D:7 |    1582 |      33 |   2.0 |      25 |       1 |   3.8
        D:8 |     619 |       0 |   0.0 |      12 |       0 |   0.0
        D:9 |    2014 |    1558 |  43.6 |      17 |       7 |  29.2
       D:10 |    2083 |    1095 |  34.5 |      22 |       7 |  24.1
       D:11 |    2316 |     317 |  12.0 |      22 |       5 |  18.5
     Lair:1 |    5427 |    1428 |  20.8 |      25 |       3 |  10.7
     Lair:2 |    2673 |    1416 |  34.6 |       8 |       5 |  38.5
            +---------+---------+-------+---------+---------+-------
